 Dungeon Sprint DCSS version 0.29-a0-648-g6b26cc9f40 (webtiles) character file.

Game seed: 4955650153834413773

8114 donath the Fighter (level 11, -1/153 HPs)
             Began as a Demonspawn Ice Elementalist on June 21, 2022.
             Was the Champion of Makhleb.
             Slain by a fire giant
             ... wielding a +0 great sword of flaming
              (16 damage)
             ... in the Dungeon (Sprint V: "Ziggurat Sprint").
             The game lasted 00:43:31 (1293 turns).

donath the Fighter (Demonspawn Ice Elementalist)    Turns: 1293, Time: 00:43:32

Health: -1/153     AC: 17    Str: 18    XL:     11   Next: 5%
Magic:  18/21      EV: 15    Int: 16    God:    Makhleb [******]
Gold:   0          SH:  0    Dex: 22    Spells: 17/24 levels left

rFire   + + .      SeeInvis .   a - +8 lance "Wyrmbane" {slay drac, rPois rF+ rC+ AC+3}
rCold   + . .      Faith    .   (no shield)
rNeg    . . .      Spirit   .   Y - +2 swamp dragon scales of Distant Shores {rPois rCorr Str-3 Int-5 Dex+9}
rPois   +          Reflect  .   (no helmet)
rElec   .          Harm     .   (no cloak)
rCorr   +          Rampage  .   (no gloves)
Will    .....      NoTele   +   x - +1 pair of boots "Plog" {*Corrode rPois rF+ Regen+}
Stlth   ..........              V - amulet of regeneration
HPRegen 1.95/turn               C - +6 ring of strength
MPRegen 0.17/turn               B - +6 ring of strength

@: berserking, weakened, freezing walls, hasted, very quick
A: rugged brown scales 2, demonic guardian 1, condensation shield, weakness
stinger 2
a: Renounce Religion, Minor Destruction, Lesser Servant of Makhleb, Major
Destruction, Greater Servant of Makhleb


You were in the Dungeon.
You worshipped Makhleb.
Makhleb was exalted by your worship.
You visited 1 branch

Inventory:

Hand Weapons
 a - the +8 lance "Wyrmbane" (weapon) {slay drac, rPois rF+ rC+ AC+3}
   (You found it in the Dungeon)

   It inflicts extra damage against dragons and draconians.
   AC:        It affects your AC (+3).
   rF:        It protects you from fire.
   rC:        It protects you from cold.
   rPois:     It protects you from poison.
 b - the +8 storm bow {elec, penet}
   (You found it in the Dungeon)

   Any ammunition fired from it occasionally discharges a powerful burst of
   electricity upon striking a foe.
   Any ammunition fired by it passes through the targets it hits, potentially
   hitting all targets in its path until it reaches maximum range.
 E - the +7 Singing Sword {vorpal, sonic wave}
   (You found it in the Dungeon)

   It inflicts extra damage upon your enemies.
   It radiates damaging sonic waves as it strikes, especially in combat
   involving dangerous or numerous foes.
 F - the +7 mace of Variability {chain chaos}
   (You found it in the Dungeon)

   Each time it hits an enemy it has a different, random effect.
   It occasionally unleashes arcs of chaos on nearby creatures upon striking a
   foe.
 H - the +9 heavy crossbow "Sniper" {vorpal, Acc+∞ SInv}
   (You found it in the Dungeon)

   Any ammunition fired from it inflicts extra damage upon your enemies.
   Any ammunition fired from it never misses its target.
   SInv:      It lets you see invisible.
 I - the +6 Majin-Bo {vamp, MP+6 Int+6}
   (You found it in the Dungeon)

   It heals its wielder for a portion of the damage dealt when they wound a
   living foe with it or with a spell.
   Its wielder's spells cost health as well as magical power.
   Int:       It affects your intelligence (+6).
   MP:        It affects your magic capacity (+6).
 K - the +14 obsidian axe {vorpal, Mesm Drain Fly SInv}
   (You found it in the Dungeon)

   It inflicts extra damage upon your enemies.
   It occasionally summons demons to assist the wielder when it strikes in
   combat.
   Its wielder is mesmerised by any visible foes.
   It cannot be unequipped while any foes are visible.
   SInv:      It lets you see invisible.
   Fly:       It grants you flight.
   Drain:     It drains your maximum health when unequipped.
 P - the +5 trident of Xiyseowe {drain, rPois rN+ Will+ Stlth-}
   (You found it in the Dungeon)

   A truly terrible weapon, it drains the life of any living foe it strikes.
   rPois:     It protects you from poison.
   rN:        It protects you from negative energy.
   Will:      It increases your willpower.
   Stlth:     It makes you less stealthy.
 R - a +3 war axe of flaming
Armour
 h - a +5 crystal plate armour
 i - +5 shadow dragon scales
 j - a +3 buckler
 x - the +1 pair of boots "Plog" (worn) {*Corrode rPois rF+ Regen+}
   (You found it in the Dungeon)

   rF:        It protects you from fire.
   rPois:     It protects you from poison.
   Regen:     It increases your rate of health regeneration.
   *Corrode:  It may corrode you when you take damage.
 M - the +18 shield of the Gong {rElec rN+ Will+ EV-5}
   (You found it in the Dungeon)

   It is deafeningly noisy when blocking attacks.
   EV:        It affects your evasion (-5).
   rElec:     It insulates you from electricity.
   rN:        It protects you from negative energy.
   Will:      It increases your willpower.
 N - +5 ice dragon scales
 Y - the +2 swamp dragon scales of Distant Shores (worn) {rPois rCorr Str-3 Int-5 Dex+9}
   (You found it in the Dungeon)

   Str:       It affects your strength (-3).
   Int:       It affects your intelligence (-5).
   Dex:       It affects your dexterity (+9).
   rPois:     It protects you from poison.
   rCorr:     It protects you from acid and corrosion.
Magical Staves
 r - a staff of air
 L - a staff of death
 O - a staff of conjuration
Jewellery
 y - a +6 ring of dexterity
 z - a +6 ring of intelligence
 A - a +6 ring of intelligence
 B - a +6 ring of strength (right hand)
 C - a +6 ring of strength (left hand)
 G - a ring of fire
 U - a ring of flight
 V - an amulet of regeneration (around neck)
 W - a ring of positive energy
 X - an amulet of the acrobat
Wands
 t - a wand of mindburst (7)
 u - a wand of iceblast (7)
 v - a wand of acid (7)
Scrolls
 g - 4 scrolls of blinking
 k - 4 scrolls of amnesia
 l - 7 scrolls of fog
 m - 5 scrolls of identify
 n - a scroll of fear
Potions
 c - 8 potions of curing
 d - 6 potions of heal wounds
 e - 9 potions of haste
 f - 2 potions of berserk rage
 o - 2 potions of brilliance
 p - 2 potions of invisibility
 q - 4 potions of resistance
 s - 7 potions of might
 J - 8 potions of magic
Miscellaneous
 w - a box of beasts (inert)
 D - a lightning rod (4/4)
 Q - a tin of tremorstones (1/2)
 S - a phial of floods (inert)
 T - a piece from Xom's chessboard (15/15)


   Skills:
 + Level 13.3 Fighting
 - Level 12.7 Polearms
 * Level 7.7 Bows
 - Level 0.4 Crossbows
 - Level 5.3 Armour
 + Level 5.9 Dodging
 - Level 2.2 Stealth
 - Level 4.0 Shields
 - Level 7.0 Spellcasting
 * Level 3.9 Hexes
 - Level 9.0 Ice Magic
 - Level 9.1 Invocations
 - Level 4.2 Evocations


You had 17 spell levels left.
You knew the following spells:

 Your Spells              Type           Power      Damage    Failure   Level
a - Freeze                Ice            100%       1d11      1%          1
b - Ozocubu's Armour      Ice            34%        N/A       1%          3
c - Frozen Ramparts       Ice            68%        1d8       1%          3

Your spell library contained the following spells:

 Spells                   Type           Power      Damage    Failure   Level
 Ensorcelled Hibernation  Hex/Ice        52%        N/A       2%          2
 Inner Flame              Hex/Fire       11%        N/A       28%         3
 Portal Projectile        Hex/Tloc       22%        N/A       28%         3
 Call Imp                 Summ           5%         N/A       30%         2
 Passwall                 Tmut/Erth      4%         N/A       30%         2
 Hailstorm                Conj/Ice       20%        3d6       32%         4
 Cause Fear               Hex            9%         N/A       38%         4
 Metabolic Englaciation   Hex/Ice        13%        N/A       38%         5
 Call Canine Familiar     Summ           5%         N/A       52%         3
 Lesser Beckoning         Tloc           5%         N/A       52%         3
 Swiftness                Air            5%         N/A       52%         3
 Leda's Liquefaction      Hex/Erth       5%         N/A       67%         4
 Freezing Cloud           Conj/Ice/Air   7%         6-21      86%         5
 Animate Dead             Necr           5%         N/A       90%         4
 Summon Lightning Spire   Summ/Air       5%         N/A       90%         4
 Borgnjor's Vile Clutch   Necr/Erth      2%         N/A       99%         5
 Lee's Rapid Deconstruct  Erth           2%         3d6*      99%         5
 Manifold Assault         Tloc           5%         N/A       99%         5
 Simulacrum               Ice/Necr       10%        N/A       99%         6
 Death Channel            Necr           2%         N/A       100%        6
 Starburst                Conj/Fire      2%         6d3       100%        6
 Statue Form              Tmut/Erth      3%         N/A       100%        6
 Discord                  Hex            9%         N/A       100%        8


Dungeon Overview and Level Annotations

Branches:
Dungeon (1/1)

Altars:
Ashenzari
Cheibriados
Dithmenos
Elyvilon
Fedhas
Gozag
Hepliaklqana
Kikubaaqudgha
Makhleb
Nemelex Xobeh
Okawaru
Qazlal
Ru
Sif Muna
Trog
Uskayaw
Vehumet
Wu Jian
Xom
Yredelemnul
Zin
The Shining One
Beogh
Jiyva
Lugonu


Innate Abilities, Weirdness & Mutations

You are mostly covered in rugged brown scales. (AC +2, +5% HP)
A weak demonic guardian rushes to your aid.
A meltable shield of frost defends you. (SH +0)
You have a tail ending in a sharp stinger.


Message History

You open the lid... ...and a larval batfire beast flies out!
The box is emptied!
Your ufetubus hits the fire giant but does no damage.
Your ufetubus hits the fire giant.
The wall freezes the hell hog.
The fire giant hits you but does no damage.
Your white imp hits the hell hog.
Your white imp freezes the hell hog.
The hell hog dies!
Makhleb accepts your kill. The balrug gestures at you. Something smites you!
* * * LOW HITPOINT WARNING * * *
The wall freezes the fire giant!
The fire giant misses you. The fire giant barely misses you.
The hellephant blinks!
Your ufetubus barely misses the balrug.
Your ufetubus hits the balrug.
Your tin of tremorstones (1/2) has regained one charge.
Your Hexes skill increases to level 3!
You have reached level 11!
Your demonic ancestry asserts itself...
Your tail grows a sharp stinger.
A red film seems to cover your vision as you go berserk!
You feel yourself moving faster!
You feel mighty!
Your larval batfire beast hits the salamander tyrant but does no damage.
The salamander tyrant hits your ufetubus!
Your ufetubus dies!
Your ufetubus disappears in a puff of smoke!
The wall freezes the hell hog.
Your white imp gestures at the balrug.
The puff of frost hits the balrug!
The balrug is frozen!
The fire giant hits you with a +2 great sword of flaming!
* * * LOW HITPOINT WARNING * * *
The fire giant burns you.
* * * LOW HITPOINT WARNING * * *
You puncture the fire giant! You tail-slap the fire giant.
The fire giant is severely wounded.
The wall freezes the fire giant.
The fire giant hits you with a +0 great sword of flaming.
* * * LOW HITPOINT WARNING * * *
The fire giant hits you with a +0 great sword of flaming!
You die...

▓..}.)....▓
▓..[[?}=..▓......:..▓
▓.........▓.........▓
▓.....Y...▓.........▓
▓.........▓.........▓
▓..≈..N...▓.........▓
▓..≈N≈§H..▓.........▓
▓..≈CC2...▓....©....▓
▓..h2@C5..▓▓▓▓▓▓▓▓▓▓▓
▓▓▓▓▓▓▓▓▓▓▓


You could see a hellephant, 3 fire giants, 2 balrugs, 2 salamander tyrants, a
hell hog (unsilenced, waterlogged), a friendly larval batfire beast (summoned)
and a friendly white imp (summoned, unsilenced, waterlogged).

Vanquished Creatures
  A yellow draconian (D)
  A shining eye (D)
  A cyclops (D)
  An eye of devastation (D)
  A yaktaur (shapeshifter) (D)
  A komodo dragon (shapeshifter) (D)
  3 wind drakes (D)
  3 merfolk (D)
  A tarantella (D)
  A blink frog (shapeshifter) (D)
  A raiju (shapeshifter) (D)
  A spriggan (shapeshifter) (D)
  4 jumping spiders (D)
  A neqoxec (D)
  2 golden eyes (D)
  3 orc warriors (D)
  A centaur (D)
  A phantom (D)
  6 scorpions (D)
  A wight (D)
  A quasit (D)
  A jelly (D)
  An orc priest (D)
  2 iguanas (D)
  3 orc wizards (D)
  An ufetubus (D)
  A bat zombie (D)
  2 endoplasms (D)
  2 jackals (D)
49 creatures vanquished.

Vanquished Creatures (collateral kills)
  A hell hog (D)
  3 draconians (D)
4 creatures vanquished.

Vanquished Creatures (others)
  2 endoplasms (D)
2 creatures vanquished.

Grand Total: 55 creatures vanquished

Notes
Turn   | Place    | Note
-------+----------+-------------------------------------------
     0 | D        | donath the Demonspawn Ice Elementalist began the quest for
                  | the Orb.
     0 | D        | Reached XP level 1. HP: 13/13 MP: 3/3
     3 | D        | Found a blossoming altar of Fedhas.
     3 | D        | Found the +6 Majin-Bo {vamp, MP+6 Int+6}
     3 | D        | Found the +9 heavy crossbow "Sniper" {vorpal, Acc+∞ SInv}
     3 | D        | Found the +10 dark maul {vorpal}
     3 | D        | Found the +15 Maxwell's patent armour {-Cast -Tele rElec
                  | Will+ rCorr}
     3 | D        | Found the +18 shield of the Gong {rElec rN+ Will+ EV-5}
     3 | D        | Found the +14 obsidian axe {vorpal, Mesm Drain Fly SInv}
     3 | D        | Found the +7 great mace "Firestarter" {inner flame, rF++}
     3 | D        | Found the +6 shillelagh "Devastator" {shatter}
     3 | D        | Found the +11 plutonium sword {Contam Stlth-}
     3 | D        | Found the +8 lance "Wyrmbane" {slay drac, rPois rF+ rC+
                  | AC+3}
     3 | D        | Found the +9 sword of Zonguldrok {reap}
     3 | D        | Found the +13 scythe of Curses {drain, Drain}
     3 | D        | Found the +5 sword of Power {vorpal}
     3 | D        | Found the +7 mace of Variability {chain chaos}
     3 | D        | Found the +7 Singing Sword {vorpal, sonic wave}
     3 | D        | Found the +8 storm bow {elec, penet}
    10 | D        | Found a viscous altar of Jiyva.
    10 | D        | Found a hazy altar of Hepliaklqana.
    10 | D        | Found a transporter.
    10 | D        | Found an opulent altar of Gozag.
    10 | D        | Found an ancient bone altar of Kikubaaqudgha.
    10 | D        | Found a corrupted altar of Lugonu.
    19 | D        | Found a burning altar of Makhleb.
    20 | D        | Found a sacrificial altar of Ru.
    20 | D        | Found a stormy altar of Qazlal.
    20 | D        | Found a shimmering blue altar of Sif Muna.
    20 | D        | Found an iron altar of Okawaru.
    20 | D        | Found a bloodstained altar of Trog.
    20 | D        | Found a sparkling altar of Nemelex Xobeh.
   130 | D        | Became a worshipper of Makhleb the Destroyer
   138 | D        | Entered arena 2.
   138 | D        | Noticed a quasit
   138 | D        | Found a transporter.
   139 | D        | Killed a quasit
   140 | D        | Gained mutation: You are partially covered in rugged brown
                  | scales. (AC +1, +3% HP) [demonic ancestry]
   140 | D        | Reached XP level 2. HP: 13/19 MP: 5/5
   140 | D        | Gained mutation: A meltable shield of frost defends you.
                  | (SH +0) [demonic ancestry]
   140 | D        | Reached XP level 3. HP: 17/24 MP: 6/6
   240 | D        | Entered arena 3.
   240 | D        | Noticed a phantom
   240 | D        | Noticed a wight
   240 | D        | Found a transporter.
   241 | D        | Reached * piety under Makhleb
   242 | D        | Reached skill level 1 in Fighting
   244 | D        | Killed a wight
   245 | D        | Reached skill level 3 in Fighting
   245 | D        | Reached skill level 1 in Armour
   245 | D        | Gained mutation: You have a small tail. [demonic ancestry]
   245 | D        | Reached XP level 4. HP: 20/36 MP: 5/8
   247 | D        | Killed a phantom
   248 | D        | Reached skill level 5 in Fighting
   248 | D        | Reached XP level 5. HP: 20/45 MP: 5/9
   257 | D        | Got the Grimoire of the Modern Villages
   421 | D        | Learned a level 3 spell: Ozocubu's Armour
   487 | D        | Entered arena 4.
   487 | D        | Noticed a yellow draconian
   487 | D        | Noticed a draconian
   487 | D        | Noticed a draconian
   487 | D        | Noticed a draconian
   487 | D        | Found a transporter.
   494 | D        | Reached skill level 8 in Fighting
   494 | D        | Reached XP level 6. HP: 28/58 MP: 10/10
   498 | D        | Killed a draconian
   498 | D        | Reached ** piety under Makhleb
   499 | D        | Reached skill level 10 in Fighting
   499 | D        | Gained mutation: You are mostly covered in rugged brown
                  | scales. (AC +2, +5% HP) [demonic ancestry]
   499 | D        | Reached XP level 7. HP: 28/69 MP: 11/11
   501 | D        | Killed a yellow draconian
   502 | D        | Reached skill level 11 in Fighting
   502 | D        | Gained mutation: A weak demonic guardian rushes to your
                  | aid. [demonic ancestry]
   502 | D        | Reached XP level 8. HP: 15/79 MP: 12/12
   502 | D        | Killed a draconian
   503 | D        | Reached skill level 12 in Fighting
   504 | D        | Killed a draconian
   505 | D        | Reached skill level 13 in Fighting
   505 | D        | Reached XP level 9. HP: 14/89 MP: 13/13
   528 | D        | Learned a level 3 spell: Frozen Ramparts
   791 | D        | Entered arena 5.
   791 | D        | Found a transporter.
   794 | D        | Reached *** piety under Makhleb
   849 | D        | Entered arena 6.
   849 | D        | Found a transporter.
   856 | D        | Reached **** piety under Makhleb
   857 | D        | Reached skill level 1 in Shields
   900 | D        | Entered arena 7.
   900 | D        | Noticed a komodo dragon
   900 | D        | Noticed a queen bee
   902 | D        | Noticed a black mamba
   902 | D        | a jumping spider changed into a black mamba
   904 | D        | Noticed a yaktaur
   904 | D        | a raiju changed into a yaktaur
   906 | D        | a black mamba changed into a blink frog
   906 | D        | Reached ***** piety under Makhleb
   917 | D        | Killed a komodo dragon
   921 | D        | Reached skill level 5 in Dodging
   923 | D        | Killed a yaktaur
   924 | D        | Reached XP level 10. HP: 96/96 MP: 9/15
   924 | D        | Found a transporter.
   942 | D        | Entered arena 8.
   956 | D        | Reached ****** piety under Makhleb
   961 | D        | Reached skill level 5 in Invocations
   961 | D        | Found a transporter.
   974 | D        | Got the Disquisition on Curses and Summoning
  1010 | D        | Entered arena 9.
  1022 | D        | Reached skill level 5 in Bows
  1030 | D        | Found a transporter.
  1047 | D        | Got the +5 trident of Xiyseowe {drain, rPois rN+ Will+
                  | Stlth-}
  1057 | D        | Entered arena 10.
  1057 | D        | Noticed a cyclops
  1071 | D        | Killed a cyclops
  1077 | D        | Reached skill level 5 in Spellcasting
  1080 | D        | Reached skill level 5 in Armour
  1091 | D        | Found a transporter.
  1116 | D        | Got the Tome of Calculation
  1172 | D        | Entered arena 11.
  1172 | D        | Noticed an eye of devastation
  1172 | D        | Noticed a shining eye
  1189 | D        | Killed a shining eye
  1190 | D        | Reached skill level 1 in Hexes
  1202 | D        | Killed an eye of devastation
  1204 | D        | Found a transporter.
  1212 | D        | Got the +1 pair of boots "Plog" {*Corrode rPois rF+ Regen+}
  1269 | D        | Got the +2 swamp dragon scales of Distant Shores {rPois
                  | rCorr Str-3 Int-5 Dex+9}
  1282 | D        | Entered arena 12.
  1282 | D        | Noticed a fire giant
  1282 | D        | Noticed a hell hog
  1282 | D        | Noticed a fire giant
  1282 | D        | Noticed a fire giant
  1282 | D        | Noticed a balrug
  1282 | D        | Noticed a hell hog
  1282 | D        | Noticed a balrug
  1282 | D        | Noticed a salamander tyrant
  1283 | D        | Noticed a hellephant
  1284 | D        | Noticed a salamander tyrant
  1291 | D        | Killed a hell hog
  1292 | D        | Gained mutation: You have a tail ending in a sharp stinger.
                  | [demonic ancestry]
  1292 | D        | Reached XP level 11. HP: 23/102 MP: 17/21
  1293 | D        | Slain by a fire giant

Illustrated notes

Levels and vault maps discovered:
D:        sprint_v [room_start, room_1, room_2, room_3, room_4, room_5, room_6,
          room_7, room_8, room_9, room_10, room_11, room_12, room_13, room_14,
          room_15, room_16, room_17, room_18, room_19, room_20, room_21,
          room_22, room_23, room_24, room_25, room_26, room_27]

Skill      XL: |  1  2  3  4  5  6  7  8  9 10 |
---------------+-------------------------------+-----
Dodging        | 2 5 |  5.9
Stealth        | 2 |  2.2
Ice Magic      | 6 9 |  9.0
Fighting       | 3 5 8 10 11 13 | 13.3
Polearms       | 3 4 7 9 11 12 | 12.7
Armour         | 1 2 4 5 |  5.3
Spellcasting   | 3 7 |  7.0
Evocations     | 4 |  4.2
Shields        | 4 |  4.0
Bows           | 3 7 |  7.7
Invocations    | 9 |  9.1
Hexes          | 3 |  3.9
Crossbows      | |  0.4

Action                   |  1- 3 |  4- 6 |  7- 9 | 10-12 || total
-------------------------+-------+-------+-------+-------++-------
Melee: Great mace        |       |     2 |       |       ||     2
       Broad axe         |       |     6 |     4 |       ||    10
       Tailslap          |       |     1 |     6 |    12 ||    19
       Lance             |       |       |    60 |    66 ||   126
       Punch             |       |       |       |     2 ||     2
 Fire: Heavy crossbow    |     6 |     1 |       |       ||     7
       Longbow           |       |       |       |     1 ||     1
 Cast: Freeze            |     1 |       |       |       ||     1
       Ozocubu's Armour  |       |     2 |     2 |     1 ||     5
       Frozen Ramparts   |       |       |     2 |     7 ||     9
Invok: Major Destruction |       |       |       |     1 ||     1
Evoke: Piece from Xom's  |       |       |     2 |     4 ||     6
       Tin of tremorston |       |       |       |     2 ||     2
       Box of beasts     |       |       |       |     1 ||     1
       Phial of floods   |       |       |       |     1 ||     1
  Use: Potion            |       |     3 |       |     6 ||     9
       Scroll            |       |       |     1 |     1 ||     2
 Stab: Fleeing           |       |       |     1 |       ||     1
Armor: Ice dragon scales |    10 |     2 |    16 |    34 ||    62
       Plate armour      |       |    25 |     3 |       ||    28
       Swamp dragon scal |       |       |       |     2 ||     2
Dodge: Dodged            |     4 |     4 |     9 |    25 ||    42
Block: Other             |     2 |     6 |     2 |     1 ||    11
       Buckler           |       |       |    24 |    35 ||    59

Table legend: (Time is in decaauts)
 A = Elapsed time spent in this place.
 B = Non-inter-level travel time spent in this place.
 C = Inter-level travel time spent in this place.
 D = Time resting spent in this place.
 E = Time spent auto-exploring this place.
 F = Levels seen in this place.
 G = Mean time per level.
                   A        B        C        D        E       F      G
               +--------+--------+--------+--------+--------+-----+--------+
         Total |   1243 |   1241 |      2 |    685 |      0 |   1 | 1243.0 |
       Dungeon |   1243 |   1241 |      2 |    685 |      0 |   1 | 1243.0 |
               +--------+--------+--------+--------+--------+-----+--------+

Top non-repeatable levels by time:
       D: 1243 daAuts
